 Seeded DCSS version 0.30-a0-845-g7c6808c8ce (webtiles) character file.

Game seed: 4290115023798346970 (custom seed)

2391 demibob the Slicer (level 9, -1/54 (60) HPs)
             Began as a Kobold Brigand on Mar 3, 2023.
             Was a Follower of Makhleb.
             Slain by a wight
             ... wielding a +0 scimitar
              (9 damage)
             ... on level 6 of the Dungeon.
             The game lasted 00:06:00 (4049 turns).

demibob the Slicer (Kobold Brigand)                 Turns: 4049, Time: 00:06:01

HP:   -1/54 (60)    AC:  3    Str:  8    XL:     9   Next: 74%
MP:   9/9           EV: 19    Int: 13    God:    Makhleb [*.....]
Gold: 360           SH:  0    Dex: 20    Spells: 8/8 levels left

rFire   . . .      SeeInvis .    a - +8 arc blade {discharge, rElec}
rCold   + . .      Faith    .    (no shield)
rNeg    . . .      Spirit   .    b - +0 robe
rPois   +          Reflect  .    (no helmet)
rElec   +          Rampage  .    c - +0 cloak
rCorr   .                        (no gloves)
Will    .....                    (no boots)
Stlth   ++++                     (no amulet)
HPRegen 0.29/turn                P - ring of poison resistance
MPRegen 0.11/turn                C - ring of protection from cold

@: studying Polearms, heavily drained
A: small, no large weapons, nightstalker 3
a: Renounce Religion


You were on level 6 of the Dungeon.
You worshipped Makhleb.
Makhleb was aware of your devotion.
You visited 1 branch of the dungeon, and saw 6 of its levels.

You collected 360 gold pieces.


Innate Abilities, Weirdness & Mutations

You are small and have problems with some larger weapons.
You are completely attuned to the shadows.


   Skills:
 + Level 8.4 Fighting
 + Level 10.8 Short Blades
 - Level 2.1 Throwing
 + Level 7.1 Dodging
 - Level 5.3 Stealth


You had 8 spell levels left.
You didn't know any spells.
Your spell library contained the following spells:

 Spells                   Type           Power      Damage    Failure   Level
 Foxfire                  Conj/Fire      0%         2x1d4     30%         1
 Inner Flame              Hex/Fire       0%         N/A       67%         3
 Cause Fear               Hex            0%         N/A       97%         4
 Fireball                 Conj/Fire      0%         3d3       100%        5
 Starburst                Conj/Fire      0%         6d3       100%        6
 Discord                  Hex            0%         N/A       100%        8

Inventory:

Hand Weapons
 a - the +8 arc blade (weapon) {discharge, rElec}
   (You acquired it on level 1 of the Dungeon)

   rElec:     It insulates you from electricity.
 g - a +2 dagger
Missiles
 d - 13 poisoned darts (quivered)
 e - 3 curare-tipped darts {=f}
Armour
 b - a +0 robe (worn)
 c - a +0 cloak (worn)
Magical Staves
 i - a staff of death {!a}
Jewellery
 B - the ring "Tiq Aqud" {*Slow rC+ Int+7 Dex-3 SInv}
   (You found it on level 3 of the Dungeon)

   [ring of protection from cold]

   Int:       It affects your intelligence (+7).
   Dex:       It affects your dexterity (-3).
   rC:        It protects you from cold.
   SInv:      It lets you see invisible.
   *Slow:     It may slow you when you take damage.
 C - a ring of protection from cold (right hand)
 P - a ring of poison resistance (left hand)
Wands
 s - a wand of polymorph (8)
 z - a wand of flame (21)
Scrolls
 l - 2 scrolls of poison {unknown}
 m - a scroll of immolation {unknown}
 n - a scroll of blinking {unknown}
 o - 3 scrolls of teleportation {@r2}
 q - 3 scrolls of identify {unknown}
 r - a scroll of amnesia {unknown}
 v - a scroll of enchant armour {unknown}
 y - a scroll of noise {unknown}
 A - a scroll of brand weapon {unknown}
Potions
 f - 2 potions of berserk rage {unknown}
 h - a potion of degeneration {unknown}
 j - 2 potions of curing {unknown}
 k - 2 potions of mutation {unknown}
 p - 2 potions of might {unknown}
 t - 2 potions of magic {unknown}
 u - a potion of attraction {unknown}
 w - a potion of haste {unknown}
 x - a potion of resistance {unknown}

Dungeon Overview and Level Annotations

Branches:
Dungeon (6/15)
 Temple: D:4-7

Altars:
Makhleb

Annotations:
D:4 1 runed translucent door

#..# #/.##
...# .$..
z..#
#.####)..#
###..))@z..#
#<....†..#.#
##########


You could see 2 wights.


Message History

You puncture the gnoll!
You kill the gnoll!
Makhleb accepts your kill. The wight completely misses you.
You hit the wight but do no damage. You hit the wight but do no damage.
The wight hits you with a +0 long sword!
* * * LOW HITPOINT WARNING * * *
You feel drained.
* * * LOW HITPOINT WARNING * * *
The wight hits you with a +0 scimitar.
* * * LOW HITPOINT WARNING * * *
You feel drained.
You closely miss the wight. The wight barely misses you.
The wight hits you with a +0 long sword!
* * * LOW HITPOINT WARNING * * *
You feel drained.
* * * LOW HITPOINT WARNING * * *
Okay, then.
You puncture the wight!
The wight is heavily damaged.
You puncture the wight!
The arc blade crackles.
The wight is struck by an arc of lightning!
The wight is almost destroyed.
You resist.
You are struck by an arc of lightning.
You destroy the wight!
Makhleb accepts your kill.
A wight comes into view. It is wielding a +0 great sword.
The wight hits you with a +0 scimitar!
You die...

Skill      XL: |  1  2  3  4  5  6  7  8  9 |
---------------+----------------------------+-----
Short Blades   | 3 4 5 7 9 10 | 10.8
Fighting       | 3 4 5 6 7 8 |  8.4
Dodging        | 4 5 7 |  7.1
Throwing       | |  2.1
Stealth        | |  5.3

Action                     |  1- 3 |  4- 6 |  7- 9 || total
---------------------------+-------+-------+-------++-------
  Melee: Dagger            |    14 |       |       ||    14
         Rapier            |    22 |    38 |    87 ||   147
         Punch             |       |       |     2 ||     2
    Use: Scroll            |     1 |       |     1 ||     2
   Stab: Sleeping          |    22 |    11 |    24 ||    57
         Distracted        |     1 |       |       ||     1
 Armour: Robe              |     1 |     3 |     2 ||     6
  Dodge: Dodged            |     7 |    20 |    29 ||    56

Levels and vault maps discovered:
D:1:      kennysheep_arrival_seaside, layout_basic, minmay_gold_behind_fungi,
          wander_ebering_terrifying_dragon_lair
D:2:      layout_rooms, nicolae_ecumenical_snake_handling, uniq_jessica
D:3:      layout_basic, nicolae_elevator_lobby_asterisk, uniq_crazy_yiuf_cottage
D:4:      layout_rooms, ebering_ghost_sewer_d, dreamdust_wishing_well,
          uniq_pikel, uniq_ijyb
D:5:      layout_basic, lightli_temple_of_fire, reono_crystal_passage,
          minmay_manual_mess
D:6:      layout_basic, gammafunk_temple_overflow_elements, uniq_maggie,
          uniq_eustachio, uniq_blork_the_orc

Notes
Turn   | Place    | Note
-------+----------+-------------------------------------------
     0 | D:1      | demibob the Kobold Brigand began the quest for the Orb.
     0 | D:1      | Reached XP level 1. HP: 12/12 MP: 1/1
    46 | D:1      | Reached skill level 3 in Short Blades
   179 | D:1      | Reached XP level 2. HP: 17/17 MP: 2/2
   327 | D:1      | Reached skill level 4 in Short Blades
   360 | D:1      | Identified a scroll of acquirement
   360 | D:1      | Acquired the +8 arc blade {discharge, rElec}
   360 | D:1      | Found the +8 arc blade {discharge, rElec}
   661 | D:1      | Reached XP level 3. HP: 21/21 MP: 3/3
  1417 | D:2      | Reached skill level 5 in Short Blades
  1423 | D:2      | Reached XP level 4. HP: 27/27 MP: 4/4
  1531 | D:2      | Reached skill level 3 in Fighting
  1567 | D:2      | Found a faded altar of an unknown god.
  1576 | D:2      | Reached XP level 5. HP: 22/32 MP: 5/5
  1708 | D:2      | Noticed Jessica
  1712 | D:2      | Killed Jessica
  1892 | D:3      | Reached skill level 6 in Short Blades
  1963 | D:3      | You fall into a shaft and drop 2 floors!
  1963 | D:5      | Entered Level 5 of the Dungeon
  1969 | D:5      | Noticed a wraith
  1974 | D:5      | Killed a wraith
  1975 | D:5      | Reached skill level 4 in Fighting
  1975 | D:5      | Reached skill level 7 in Short Blades
  1975 | D:5      | Reached XP level 6. HP: 27/40 MP: 6/6
  2043 | D:5      | Reached skill level 5 in Fighting
  2043 | D:5      | Reached XP level 7. HP: 36/44 MP: 7/7
  2301 | D:5      | Reached skill level 2 in Dodging
  2358 | D:5      | Noticed a two-headed ogre
  2362 | D:5      | Killed a two-headed ogre
  2363 | D:5      | Reached skill level 6 in Fighting
  2363 | D:5      | Reached skill level 9 in Short Blades
  2363 | D:5      | Reached skill level 4 in Dodging
  2363 | D:5      | Reached XP level 8. HP: 39/52 MP: 8/8
  2502 | D:5      | Reached skill level 7 in Fighting
  2502 | D:5      | Reached skill level 5 in Dodging
  2521 | D:5      | Found a burning altar of Makhleb.
  2531 | D:5      | Became a worshipper of Makhleb the Destroyer
  2569 | D:5      | Reached XP level 9. HP: 44/57 MP: 9/9
  3171 | D:4      | Reached * piety under Makhleb
  3188 | D:4      | Found a runed translucent door.
  3236 | D:4      | Noticed Pikel
  3241 | D:4      | Killed Pikel
  3242 | D:4      | Reached skill level 8 in Fighting
  3242 | D:4      | Reached skill level 10 in Short Blades
  3242 | D:4      | Reached skill level 6 in Dodging
  3374 | D:4      | Noticed Ijyb
  3378 | D:4      | Killed Ijyb
  3761 | D:3      | Identified the ring "Tiq Aqud" {*Slow rC+ Int+7 Dex-3 SInv}
  4038 | D:6      | Reached skill level 7 in Dodging
  4049 | D:6      | Slain by a wight

Vanquished Creatures
  A two-headed ogre (D:5)
  Pikel (D:4)
  A wraith (D:5)
  An ice beast (D:5)
  A black bear (D:4)
  4 lemures (D:4)
  A phantom (D:5)
  A gnoll sergeant (D:6)
  2 scorpions (D:5)
  A wight (D:6)
  A killer bee (D:5)
  A howler monkey (D:6)
  A gnoll bouda (D:5)
  3 orc priests (D:4)
  3 hounds
  Jessica (D:2)
  2 orc wizards (D:4)
  Ijyb (D:4)
  5 iguanas
  6 gnolls
  9 adders
  An ufetubus (D:5)
  4 worms
  5 dart slugs
  5 orcs (D:4)
  6 endoplasms
  5 giant cockroaches
  5 goblins
  10 hobgoblins
  4 kobolds
  6 quokkas
  4 ball pythons
  4 bats
  4 frilled lizards
  9 rats
119 creatures vanquished.

Vanquished Creatures (others)
  2 fungi (D:1)
  3 toadstools (D:1)
5 creatures vanquished.

Grand Total: 124 creatures vanquished

Table legend: (Time is in decaauts)
 A = Elapsed time spent in this place.
 B = Non-inter-level travel time spent in this place.
 C = Inter-level travel time spent in this place.
 D = Time resting spent in this place.
 E = Time spent auto-exploring this place.
 F = Levels seen in this place.
 G = Mean time per level.
                   A        B        C        D        E       F      G
               +--------+--------+--------+--------+--------+-----+--------+
         Total |   4017 |   3803 |    214 |     13 |   3263 |   6 |  669.5 |
       Dungeon |   4017 |   3803 |    214 |     13 |   3263 |   6 |  669.5 |
               +--------+--------+--------+--------+--------+-----+--------+

Top non-repeatable levels by time:
     D:1: 1257 daAuts
     D:5: 983 daAuts
     D:4: 650 daAuts
     D:3: 582 daAuts
     D:2: 527 daAuts
     D:6: 16 daAuts

Table legend:
 A = Non-vault XP
 B = Vault XP
 C = Vault XP percentage of total XP
 D = Non-vault monster count
 E = Vault monster count
 F = Vault count percentage of total count
                 A         B        C        D         E       F
            +---------+---------+-------+---------+---------+-------
      Total |    2320 |    1168 |  33.5 |     104 |      11 |   9.6
            +---------+---------+-------+---------+---------+-------
        D:1 |      37 |       1 |   2.6 |      21 |       1 |   4.5
        D:2 |      83 |      64 |  43.5 |      20 |       3 |  13.0
        D:3 |      41 |       0 |   0.0 |      15 |       0 |   0.0
        D:4 |     472 |     709 |  60.0 |      25 |       2 |   7.4
        D:5 |    1393 |     394 |  22.0 |      16 |       5 |  23.8
        D:6 |     294 |       0 |   0.0 |       7 |       0 |   0.0
            +---------+---------+-------+---------+---------+-------
